 Dungeon Crawl Stone Soup version 0.22.0-1-g6561e4c (webtiles) character file.

1614 Gergoth the Cleaver (level 8, -1/64 HPs)
             Began as a Hill Orc Fighter on Aug 12, 2018.
             Was an Initiate of the Shining One.
             Slain by a wight
             ... wielding a cursed +0 dire flail
              (12 damage)
             ... on level 7 of the Dungeon.
             The game lasted 00:08:37 (6032 turns).

Gergoth the Cleaver (Hill Orc Fighter)              Turns: 6032, Time: 00:08:38

Health: -1/64      AC:  6    Str: 21    XL:     8   Next: 96%
Magic:  8/8        EV:  7    Int:  8    God:    the Shining One [......]
Gold:   323        SH:  0    Dex: 10    Spells: 7/7 levels left

rFire    . . .     SeeInvis .   a - +0 war axe
rCold    . . .     Gourm    .   c - +0 shield
rNeg     . . .     Faith    .   b - +0 scale mail
rPois    .         Spirit   .   (no helmet)
rElec    .         Reflect  .   (no cloak)
rCorr    .         Harm     .   (no gloves)
MR       .....                  (no boots)
Stlth    ..........             (no amulet)
HPRegen  0.20/turn              (no ring)
MPRegen  0.11/turn              (no ring)

@: confused, lethally poisoned (-1 -> -14), glowing, drained
A: no striking features
a: Renounce Religion


You were on level 7 of the Dungeon.
You worshipped the Shining One.
The Shining One was noncommittal.
You were hungry.

You visited 2 branches of the dungeon, and saw 8 of its levels.
You also visited: Sewer.

You collected 323 gold pieces.

Inventory:

Hand Weapons
 a - a +0 war axe (weapon)
Armour
 b - a +0 scale mail (worn)
 c - a +0 shield (worn)
 e - a +0 cloak
 n - a +0 pair of boots
 y - a +0 pair of gloves
Jewellery
 g - an uncursed amulet of the acrobat
Scrolls
 k - 6 scrolls of teleportation {unknown}
 m - a scroll of fear {unknown}
 p - 3 scrolls of amnesia {unknown}
 q - 2 scrolls of remove curse {unknown}
 s - 3 scrolls of magic mapping
 t - 5 scrolls of fog
 x - a scroll of blinking {unknown}
Potions
 d - a potion of invisibility
 i - 2 potions of haste {unknown}
 j - a potion of agility
 l - 2 potions of heal wounds {unknown}
 o - a potion of ambrosia {unknown}
 r - 4 potions of magic {unknown}
 u - a potion of brilliance {unknown}
 v - 4 potions of curing
 w - a potion of might
Comestibles
 f - 9 rations


   Skills:
 - Level 3.6(3.3) Fighting
 + Level 13.8(13.5) Axes
 - Level 3.2(3.0) Armour
 - Level 3.2(3.0) Shields


You had 7 spell levels left.
You didn't know any spells.
Your spell library was empty.

Dungeon Overview and Level Annotations

Branches:
Dungeon (7/15)             Temple (1/1) D:4

Altars:
Cheibriados
Dithmenos
Fedhas
Gozag
Makhleb
Nemelex Xobeh
Okawaru
Sif Muna
Trog
Vehumet
Wu Jian
Yredelemnul
The Shining One

Annotations:
D:5 3 runed doors, EnegeticOcto's ghost, amateur MiBe


Message History

The wight moves out of view.
You bump into the rock wall.
You feel sick. The killer bee stings you.
You are more poisoned.
The killer bee poisons you!
The killer bee stings you but does no damage.
The killer bee stings you! The hound bites you but does no damage.
The killer bee stings you. The wight hits you with a dire flail.
You feel drained. The killer bee barely misses you.
The killer bee stings you but does no damage.
The hound closely misses you.
An orc warrior comes into view. It is wielding a morningstar.
You bump into the rock wall.
You feel sick. The killer bee stings you. x2
The killer bee stings you but does no damage.
The killer bee stings you. The hound barely misses you.
The killer bee stings you.
* * * LOW HITPOINT WARNING * * *
The killer bee stings you.
* * * LOW HITPOINT WARNING * * *
The wight hits you with a dire flail!
You die...

... ####.# ....
.....# K...##
#....#
..K.##....###z #.
K........z.o #..#
#.)....#...
#...####yyy......
#....ooyyzo[....
...^##.##@hz.#...
# #<##.y..#
#....#### .##..#
## ....# ..##..#
## #.# .# .


You could see an orc warrior, a hound, 6 killer bees, 4 wights, an orc wizard, 2
orcs and a kobold.

Vanquished Creatures
  A water moccasin (D:4)
  An ice beast (D:6)
  An ogre (D:4)
  A centaur (D:5)
  2 bullfrogs (Sewer)
  A scorpion (D:6)
  A vampire bat (D:3)
  A howler monkey (D:4)
  A crimson imp (D:5)
  A centaur zombie (D:6)
  A bullfrog zombie (D:6)
  5 hounds
  4 orc wizards
  2 jellies (D:5)
  2 orc priests (D:4)
  An iguana (D:6)
  2 worker ants (D:6)
  A hound skeleton (D:5)
  17 adders
  5 river rats (Sewer)
  4 oozes
  4 worms
  3 fire bats (D:3)
  8 leopard geckos
  21 orcs
  2 spectral bats (D:3)
  3 bat skeletons (D:3)
  A bat zombie (D:3)
  5 giant cockroaches
  5 goblins
  8 hobgoblins
  2 quokkas
  10 ball pythons
  14 bats
  A bat simulacrum (D:3)
  7 frilled lizards
  5 kobolds
  32 rats
186 creatures vanquished.

Notes
Turn   | Place    | Note
-------+----------+-------------------------------------------
     0 | D:1      | Gergoth the Hill Orc Fighter began the quest for the Orb.
     0 | D:1      | Reached XP level 1. HP: 19/19 MP: 1/1
    34 | D:1      | Reached skill level 3 in Axes
   190 | D:1      | Reached XP level 2. HP: 17/26 MP: 2/2
   427 | D:2      | Reached skill level 4 in Axes
   461 | D:2      | Reached XP level 3. HP: 20/31 MP: 3/3
   906 | D:2      | Reached skill level 5 in Axes
  1431 | D:3      | Reached XP level 4. HP: 38/39 MP: 4/4
  1500 | D:3      | Found a basalt altar of Yredelemnul.
  1779 | D:3      | Reached skill level 6 in Axes
  2012 | D:3      | Reached XP level 5. HP: 45/45 MP: 5/5
  2013 | D:3      | Reached skill level 7 in Axes
  2101 | D:3      | Reached skill level 8 in Axes
  2101 | D:3      | Reached XP level 6. HP: 30/51 MP: 6/6
  2420 | D:4      | Found a staircase to the Ecumenical Temple.
  2618 | D:4      | Reached skill level 9 in Axes
  2622 | Temple   | Entered the Ecumenical Temple
  2963 | D:4      | Noticed a water moccasin
  2976 | D:4      | Killed a water moccasin
  2976 | D:4      | Reached skill level 10 in Axes
  2976 | D:4      | Reached XP level 7. HP: 3/57 MP: 7/7
  3627 | D:5      | Entered Level 5 of the Dungeon
  3852 | D:5      | Reached skill level 11 in Axes
  3924 | D:5      | Found a glowing drain.
  3928 | Sewer    | Entered a sewer
  4143 | Sewer    | Reached XP level 8. HP: 59/64 MP: 8/8
  4297 | Sewer    | Reached skill level 12 in Axes
  4714 | D:5      | Found a runed gate.
  4724 | D:5      | Found a runed gate.
  4724 | D:5      | Found an opulent altar of Gozag.
  4725 | D:5      | Found a runed gate.
  4739 | D:5      | Noticed EnegeticOcto's ghost (amateur MiBe)
  5127 | D:5      | Found a blossoming altar of Fedhas.
  5145 | D:5      | Reached skill level 13 in Axes
  5478 | D:6      | Found a glowing golden altar of the Shining One.
  5492 | D:6      | Became a worshipper of the Shining One
  6032 | D:7      | Slain by a wight

Skill      XL: |  1  2  3  4  5  6  7  8 |
---------------+-------------------------+-----
Axes           | 3 4 5 6 8 10 11 13 | 13.8
Fighting       | |  3.6
Armour         | |  3.2
Shields        | |  3.2

Action                   |  1- 3 |  4- 6 |  7- 9 || total
-------------------------+-------+-------+-------++-------
Melee: War axe           |   119 |   178 |   327 ||   624
  Use: Potion            |       |     2 |     1 ||     3
       Scroll            |       |       |     6 ||     6
  Eat: Chunk             |     2 |     5 |    10 ||    17
Armor: Scale mail        |    56 |    90 |   134 ||   280
Dodge: Dodged            |    54 |    80 |    88 ||   222
Block: Shield            |    72 |   106 |   157 ||   335
